[Event "Championnat de France Alpe d'Huez 2023 "]
[Site "ALPE D'HUEZ, France"]
[Date "2023.08.23"]
[Round "5.11"]
[White "RICHARD, Thomas"]
[Black "MELIS, Achille"]
[Result "0-1"]
[ECO "B23"]
[WhiteElo "1855"]
[BlackElo "1935"]
[PlyCount "54"]
[EventDate "2023.08.??"]
[TimeControl "1/40+30:0"]

1. e4 {3} c5 {7} 2. Nc3 {32} a6 {34} 3. g3 {9} b5 {15} 4. Bg2 {5} Bb7 {5} 5.
Nge2 {13} e6 {182} 6. O-O {7} Nc6 {222} 7. f4 {295} d6 {273} 8. f5 {233} Nf6 {
568} 9. fxe6 {304} fxe6 {10} 10. d3 {299} Be7 {260} 11. Bh3 {401} Nd4 {747} 12.
Nf4 {887} Bc8 {319} 13. Nce2 {514} e5 {488} 14. Nxd4 {523} Bxh3 {117} 15. Nde6
{265} Bg4 {104} 16. Qd2 {198} Qd7 {315} 17. Nxg7+ {12} Kd8 {40} 18. Qa5+ {59}
Kc8 {95} 19. Nd5 {137} Nxd5 {433} 20. Nf5 {318} Bxf5 {346} 21. Rxf5 {36} Nb4 {
37} 22. Rb1 {123} Kb7 {99} 23. Bd2 {30} Nc6 {115} 24. Qc3 {43} Nd4 {18} 25. Rf2
{19} Raf8 {80} 26. Rbf1 {27} Rxf2 {71} 27. Rxf2 {1} Rf8 {12} 0-1

[Event "Championnat de France Alpe d'Huez 2023 "]
[Site "ALPE D'HUEZ, France"]
[Date "2023.08.23"]
[Round "5.12"]
[White "GRATALOUP, Quentin"]
[Black "ORFILA, Kristofer"]
[Result "1-0"]
[ECO "B21"]
[WhiteElo "1989"]
[BlackElo "1853"]
[PlyCount "41"]
[EventDate "2023.08.??"]
[TimeControl "1/40+30:0"]

1. e4 {8} c5 {9} 2. d4 {27} cxd4 {9} 3. c3 {5} dxc3 {5} 4. Nxc3 {8} Nc6 {14} 5.
Nf3 {37} e6 {39} 6. Bc4 {57} a6 {5} 7. O-O {88} Nge7 {83} 8. Bg5 {30} h6 {6} 9.
Be3 {287} Ng6 {220} 10. Bb3 {237} b5 {270} 11. Nd5 {382} exd5 {124} 12. exd5 {
15} Bb7 {1284} 13. dxc6 {516} Bxc6 {64} 14. Nd4 {499} Be7 {93} 15. Nxc6 {575}
dxc6 {14} 16. Qh5 {73} Qc7 {551} 17. Rfe1 {670} Kf8 {195} 18. Qf5 {194} Bd6 {
609} 19. Rad1 {237} Rd8 {33} 20. Bc5 {92} Nh4 {150} 21. Qf4 {196} 1-0

[Event "Championnat de France Alpe d'Huez 2023 "]
[Site "ALPE D'HUEZ, France"]
[Date "2023.08.24"]
[Round "6.9"]
[White "ROGANOVA, Maxime"]
[Black "PETIT, Eric-Thierry"]
[Result "0-1"]
[ECO "C00"]
[WhiteElo "1865"]
[BlackElo "1915"]
[PlyCount "66"]
[EventDate "2023.08.??"]
[TimeControl "1/40+30:0"]

1. e4 {2} e6 {7} 2. d4 {4} d5 {12} 3. Bd3 {5} dxe4 {42} 4. Bxe4 {6} Nf6 {11} 5.
Bf3 {6} c5 {184} 6. Ne2 {7} Nc6 {84} 7. Be3 {9} cxd4 {615} 8. Nxd4 {74} Nxd4 {
480} 9. Qxd4 {28} Qxd4 {31} 10. Bxd4 {8} Bd6 {245} 11. Nc3 {42} e5 {379} 12.
Nb5 {112} exd4 {92} 13. Nxd6+ {8} Ke7 {5} 14. Nxc8+ {22} Raxc8 {39} 15. O-O-O {
10} Rhd8 {215} 16. Rd3 {61} g5 {265} 17. g3 {174} b6 {378} 18. Rhd1 {71} Rc5 {
84} 19. g4 {179} Rdc8 {530} 20. R1d2 {164} Nd7 {79} 21. Rxd4 {321} Ne5 {43} 22.
Be2 {90} R8c6 {95} 23. f4 {266} gxf4 {157} 24. Rxf4 {64} Rh6 {85} 25. Bf1 {76}
Rh4 {125} 26. h3 {295} h5 {258} 27. Rdd4 {48} hxg4 {46} 28. hxg4 {12} Rh1 {122}
29. Kd2 {72} Rc6 {655} 30. Be2 {355} Rh2 {97} 31. c3 {92} Re6 {20} 32. Rfe4 {30
} Nf3+ {53} 33. Kd3 {17} Nxd4 {34} 0-1

[Event "Championnat de France Alpe d'Huez 2023 "]
[Site "ALPE D'HUEZ, France"]
[Date "2023.08.24"]
[Round "6.10"]
[White "MELIS, Achille"]
[Black "GRATALOUP, Quentin"]
[Result "1-0"]
[ECO "C45"]
[WhiteElo "1935"]
[BlackElo "1989"]
[PlyCount "89"]
[EventDate "2023.08.??"]
[TimeControl "1/40+30:0"]

1. e4 {1} e5 {22} 2. Nf3 {6} Nc6 {18} 3. d4 {6} exd4 {59} 4. Nxd4 {7} Nf6 {40}
5. Nxc6 {8} bxc6 {15} 6. e5 {6} Qe7 {39} 7. Qe2 {6} Nd5 {25} 8. c4 {39} Nb6 {72
} 9. b3 {55} Qe6 {310} 10. g3 {214} Bb4+ {813} 11. Bd2 {250} a5 {544} 12. Bg2 {
453} O-O {164} 13. O-O {374} f6 {953} 14. Re1 {784} Bc5 {403} 15. Be3 {359}
Qxe5 {300} 16. Bxc5 {227} Qxc5 {8} 17. Nd2 {233} Bb7 {441} 18. Rad1 {428} Rfd8
{439} 19. Ne4 {276} Qe7 {140} 20. Qh5 {82} Qf8 {393} 21. Bh3 {254} g6 {130} 22.
Qh4 {132} Kg7 {78} 23. Nxf6 {71} Qb4 {465} 24. Nh5+ {398} Kg8 {102} 25. Be6+ {
141} dxe6 {45} 26. Rxd8+ {8} Rxd8 {5} 27. Qxd8+ {8} Qf8 {3} 28. Nf6+ {83} Kf7 {
79} 29. Qxf8+ {26} Kxf8 {4} 30. Nxh7+ {7} Ke7 {13} 31. Ng5 {47} Bc8 {1} 32. f4
{55} a4 {99} 33. Kf2 {93} Kf6 {84} 34. Ne4+ {64} Ke7 {23} 35. Kf3 {45} a3 {59}
36. Nd2 {62} Nd7 {32} 37. Nb1 {60} c5 {48} 38. Nxa3 {13} Bb7+ {3} 39. Ke3 {29}
Nf6 {15} 40. h3 {107} Ne4 {26} 41. g4 {135} Nc3 {16} 42. Ra1 {45} Bg2 {114} 43.
Nb5 {48} Nxb5 {42} 44. cxb5 {6} Bxh3 {4} 45. Kf3 {13} 1-0

[Event "Championnat de France Alpe d'Huez 2023 "]
[Site "ALPE D'HUEZ, France"]
[Date "2023.08.24"]
[Round "6.11"]
[White "DEBERLE, Arman"]
[Black "CIARLETTA, Ulysse"]
[Result "0-1"]
[ECO "B23"]
[WhiteElo "1864"]
[BlackElo "1937"]
[PlyCount "80"]
[EventDate "2023.08.??"]
[TimeControl "1/40+30:0"]

1. e4 {1} c5 {280} 2. Nc3 {9} Nc6 {32} 3. Bb5 {10} Nd4 {14} 4. Nf3 {9} a6 {37}
5. Bd3 {7} Nc6 {33} 6. Nd5 {16} e6 {53} 7. Ne3 {7} g6 {388} 8. c3 {144} d5 {94}
9. O-O {121} Bg7 {45} 10. a4 {392} Rb8 {563} 11. Re1 {624} d4 {333} 12. cxd4 {
357} Nxd4 {74} 13. Nxd4 {74} Qxd4 {37} 14. Qe2 {283} Ne7 {539} 15. Nc2 {309}
Qd7 {143} 16. a5 {258} Nc6 {570} 17. Qe3 {318} O-O {74} 18. Bf1 {344} Nd4 {47}
19. Nxd4 {43} Bxd4 {57} 20. Qg3 {56} e5 {88} 21. Bc4 {160} Kg7 {132} 22. d3 {53
} b5 {192} 23. axb6 {24} Rxb6 {18} 24. Qh4 {41} h5 {173} 25. Rb1 {461} f6 {201}
26. b3 {323} a5 {77} 27. Bd2 {281} Qa7 {46} 28. Kh1 {507} Be6 {243} 29. f4 {187
} Bxc4 {131} 30. dxc4 {15} Rfb8 {122} 31. Qg3 {90} a4 {41} 32. f5 {20} Qf7 {29}
33. fxg6 {272} Qxg6 {12} 34. Qh3 {163} Qg4 {48} 35. Qd3 {31} Rxb3 {33} 36. Qc2
{37} Rb2 {224} 37. Rxb2 {70} Rxb2 {14} 38. Qxa4 {136} Rxd2 {10} 39. Qa7+ {30}
Kh6 {32} 40. Qg7+ {42} Kxg7 {10} 0-1

[Event "Championnat de France Alpe d'Huez 2023 "]
[Site "ALPE D'HUEZ, France"]
[Date "2023.08.24"]
[Round "6.12"]
[White "PLAIDIT, Hugo"]
[Black "LAMARQUE, Damien"]
[Result "0-1"]
[ECO "B12"]
[WhiteElo "1920"]
[BlackElo "1899"]
[PlyCount "84"]
[EventDate "2023.08.??"]
[TimeControl "1/40+30:0"]

1. e4 {19} c6 {4} 2. d4 {21} d5 {3} 3. e5 {10} Bf5 {5} 4. h4 {9} h5 {4} 5. Bd3
{11} Bxd3 {8} 6. Qxd3 {1} e6 {17} 7. Bg5 {5} Be7 {5} 8. Nf3 {35} Nh6 {21} 9.
Nc3 {109} Nf5 {45} 10. Ne2 {130} Nd7 {190} 11. Ng3 {102} Nxg3 {301} 12. fxg3 {
54} c5 {138} 13. c3 {500} cxd4 {87} 14. cxd4 {349} Qa5+ {262} 15. Bd2 {349} Qb6
{152} 16. Rc1 {176} Rd8 {263} 17. O-O {123} O-O {701} 18. Kh1 {494} Nb8 {2082}
19. Ng5 {163} Bxg5 {84} 20. Bxg5 {12} Rd7 {25} 21. Qe3 {315} Nc6 {167} 22. Rxc6
{168} Qxc6 {103} 23. Bf6 {9} Qc2 {8} 24. Bg5 {688} Rc7 {184} 25. Qf3 {31} Qe4 {
93} 26. Qxh5 {110} Rc2 {38} 27. Rg1 {10} Rxb2 {68} 28. Bf4 {105} Rc8 {115} 29.
Qg4 {54} Rcc2 {30} 30. Qh3 {12} Rxa2 {41} 31. h5 {11} Kh7 {174} 32. Bc1 {118}
Ra1 {95} 33. Bg5 {99} Rxg1+ {18} 34. Kxg1 {2} Qxd4+ {19} 35. Kh2 {2} Qxe5 {39}
36. Be7 {15} Qe4 {72} 37. Bd6 {42} b5 {26} 38. g4 {10} Rc4 {44} 39. h6 {48}
Qxg4 {51} 40. Qd3+ {14} Qe4 {7} 41. Qd2 {34} gxh6 {28} 42. Bg3 {23} Rc2 {8} 0-1

[Event "Championnat de France Alpe d'Huez 2023 "]
[Site "ALPE D'HUEZ, France"]
[Date "2023.08.25"]
[Round "7.9"]
[White "PETIT, Eric-Thierry"]
[Black "MELIS, Achille"]
[Result "0-1"]
[ECO "B52"]
[WhiteElo "1915"]
[BlackElo "1935"]
[PlyCount "66"]
[EventDate "2023.08.??"]
[TimeControl "1/40+30:0"]

1. e4 {1} c5 {7} 2. Nf3 {7} d6 {17} 3. Bb5+ {21} Bd7 {7} 4. Bxd7+ {18} Qxd7 {7}
5. O-O {18} Nc6 {67} 6. c3 {39} Nf6 {196} 7. d4 {78} cxd4 {653} 8. cxd4 {18} d5
{26} 9. e5 {84} Ne4 {296} 10. Nbd2 {258} e6 {238} 11. Qe2 {321} Nxd2 {50} 12.
Bxd2 {73} Be7 {104} 13. Rad1 {324} O-O {199} 14. Bg5 {575} Rac8 {325} 15. h4 {
100} Rc7 {636} 16. h5 {729} Bxg5 {448} 17. Nxg5 {10} h6 {8} 18. Nf3 {144} Rfc8
{94} 19. Nh2 {140} Ne7 {249} 20. g4 {759} Rc2 {181} 21. Qe3 {35} Rxb2 {147} 22.
Qf4 {133} Rxa2 {315} 23. Rd3 {38} Rac2 {385} 24. g5 {181} hxg5 {382} 25. Qxg5 {
12} Nf5 {71} 26. Ng4 {1040} Kh7 {167} 27. Rh3 {330} Qe7 {180} 28. Qf4 {95} Re2
{99} 29. h6 {75} Re4 {56} 30. hxg7+ {48} Kxg7 {10} 31. Qf3 {106} Qg5 {105} 32.
Rg3 {39} Rf4 {44} 33. Nf6 {202} Nxg3 {43} 0-1

[Event "Championnat de France Alpe d'Huez 2023 "]
[Site "ALPE D'HUEZ, France"]
[Date "2023.08.25"]
[Round "7.10"]
[White "CIARLETTA, Ulysse"]
[Black "BELLAHCENE, Sofia"]
[Result "1-0"]
[ECO "E11"]
[WhiteElo "1937"]
[BlackElo "1908"]
[PlyCount "89"]
[EventDate "2023.08.??"]
[TimeControl "1/40+30:0"]

1. d4 {1} Nf6 {83} 2. c4 {43} e6 {15} 3. g3 {17} d5 {13} 4. Bg2 {12} Bb4+ {14}
5. Bd2 {13} Be7 {38} 6. Nf3 {13} O-O {59} 7. O-O {8} Nbd7 {110} 8. Qc2 {21} Ne4
{50} 9. Bf4 {381} c6 {8} 10. Rd1 {97} g5 {214} 11. Bc1 {61} f5 {111} 12. Nc3 {
315} g4 {690} 13. Ne5 {94} Ng5 {528} 14. Nxd7 {1154} Bxd7 {70} 15. cxd5 {623}
exd5 {137} 16. Bf4 {121} Qe8 {97} 17. Qb3 {107} b6 {621} 18. Rac1 {802} Rc8 {
173} 19. Bxg5 {381} Bxg5 {16} 20. e3 {18} Qh5 {361} 21. Qa4 {321} Rcd8 {444}
22. Qxa7 {210} Rf6 {142} 23. Qxb6 {103} Rh6 {30} 24. Ne2 {138} Qxh2+ {196} 25.
Kf1 {7} Re8 {137} 26. Rc3 {325} Rhe6 {168} 27. Qc7 {209} R8e7 {203} 28. Nf4 {
177} Re4 {119} 29. Bxe4 {117} fxe4 {17} 30. Ke2 {52} Bh4 {193} 31. Qd8+ {253}
Kf7 {55} 32. gxh4 {85} g3 {5} 33. Rf1 {19} g2 {353} 34. Nxg2 {11} Qxg2 {10} 35.
Rcc1 {15} c5 {47} 36. Qb6 {92} cxd4 {62} 37. Kd2 {95} Qf3 {360} 38. Qxd4 {18}
Bh3 {214} 39. Rfe1 {38} Bg4 {165} 40. Kc2 {22} Qxf2+ {211} 41. Kb1 {7} Qxh4 {
247} 42. Rh1 {52} Qg5 {67} 43. Rxh7+ {21} Ke8 {7} 44. Qa4+ {123} Kd8 {82} 45.
Rh8+ {15} 1-0

[Event "Championnat de France Alpe d'Huez 2023 "]
[Site "ALPE D'HUEZ, France"]
[Date "2023.08.25"]
[Round "7.11"]
[White "LAMARQUE, Damien"]
[Black "KAUNY, Mathis"]
[Result "1/2-1/2"]
[ECO "A84"]
[WhiteElo "1899"]
[BlackElo "1906"]
[PlyCount "61"]
[EventDate "2023.08.??"]
[TimeControl "1/40+30:0"]

1. d4 {4723} d5 {44} 2. c4 {4} e6 {3} 3. Nc3 {3} f5 {38} 4. Bf4 {148} c6 {44}
5. e3 {20} Nf6 {14} 6. Nf3 {12} Be7 {65} 7. Bd3 {20} O-O {62} 8. Qc2 {5} Nbd7 {
633} 9. cxd5 {27} cxd5 {10} 10. Nb5 {52} Ne8 {636} 11. Rc1 {64} Bb4+ {332} 12.
Ke2 {107} Ba5 {591} 13. g4 {911} Ndf6 {898} 14. gxf5 {184} exf5 {19} 15. Bxf5 {
92} Qb6 {138} 16. Bxc8 {1520} Rxc8 {1} 17. Qb3 {15} Rxc1 {271} 18. Rxc1 {22}
Qe6 {11} 19. Ne5 {758} Nh5 {333} 20. Bg5 {109} Nef6 {285} 21. Bxf6 {300} Nxf6 {
5} 22. Nc7 {266} Bxc7 {242} 23. Rxc7 {7} b6 {271} 24. Rc6 {446} Qh3 {107} 25.
Rxf6 {220} gxf6 {4} 26. Qxd5+ {7} Kh8 {49} 27. Nf7+ {18} Kg7 {44} 28. Nd8 {8}
Kh8 {101} 29. Nf7+ {265} Kg7 {1} 30. Nd8 {8} Kh8 {26} 31. Nf7+ {228} 1/2-1/2

[Event "Championnat de France Alpe d'Huez 2023 "]
[Site "ALPE D'HUEZ, France"]
[Date "2023.08.25"]
[Round "7.12"]
[White "GUIEN, Philippe"]
[Black "ROGANOVA, Maxime"]
[Result "1-0"]
[ECO "A45"]
[WhiteElo "1913"]
[BlackElo "1865"]
[PlyCount "129"]
[EventDate "2023.08.??"]
[TimeControl "1/40+30:0"]

1. d4 {9} Nf6 {6} 2. Bf4 {9} g6 {7} 3. Nc3 {5} d5 {5} 4. e3 {4} a6 {24} 5. h4 {
79} Bg7 {41} 6. Nf3 {113} Nbd7 {105} 7. Ne5 {330} c6 {245} 8. Be2 {784} Ne4 {
420} 9. Nxe4 {764} dxe4 {18} 10. Nxd7 {29} Bxd7 {31} 11. h5 {35} g5 {157} 12.
h6 {549} gxf4 {211} 13. hxg7 {47} Rg8 {7} 14. Rxh7 {103} fxe3 {10} 15. fxe3 {
556} Qa5+ {45} 16. Qd2 {23} Qg5 {10} 17. O-O-O {397} O-O-O {11} 18. Bc4 {164}
Be6 {532} 19. Bxe6+ {199} fxe6 {12} 20. Qe2 {258} Rxg7 {70} 21. Rxg7 {12} Qxg7
{7} 22. g4 {213} Qg5 {16} 23. c3 {71} Rf8 {35} 24. Kd2 {251} Rf3 {125} 25. Rg1
{32} Kc7 {63} 26. Qe1 {81} e5 {6} 27. Rg3 {26} exd4 {72} 28. Rxf3 {29} dxc3+ {8
} 29. bxc3 {8} Qd5+ {15} 30. Kc1 {24} exf3 {13} 31. Qg3+ {39} Kd7 {35} 32. g5 {
122} Qf5 {152} 33. Qf2 {18} Ke8 {33} 34. g6 {48} Qg4 {33} 35. Qh2 {184} Qxg6 {
35} 36. Qb8+ {20} Kf7 {7} 37. Qf4+ {5} Qf6 {7} 38. Qc4+ {15} e6 {13} 39. Kd2 {
57} f2 {11} 40. Qf1 {4} Qf3 {17} 41. a4 {38} a5 {10} 42. c4 {63} Kf6 {24} 43.
Qa1+ {31} e5 {6} 44. Qf1 {14} e4 {6} 45. Qa1+ {4} Ke6 {3} 46. Qf1 {19} Qg3 {17}
47. Qh1 {60} Qg1 {65} 48. Qxe4+ {8} Kd6 {9} 49. c5+ {22} Kd7 {24} 50. Qf5+ {101
} Ke7 {19} 51. Qe5+ {11} Kf7 {9} 52. Qf5+ {38} Kg7 {20} 53. Qe5+ {27} Kg6 {9}
54. Qe4+ {11} Kg5 {12} 55. Qf4+ {15} Kh5 {10} 56. Qf5+ {90} Kh4 {7} 57. Qh7+ {
68} Kg3 {11} 58. Qg6+ {6} Kh2 {8} 59. Qh5+ {19} Kg2 {12} 60. Qg4+ {6} Kh1 {15}
61. Qh3+ {10} Qh2 {21} 62. Qf1+ {14} Qg1 {25} 63. Ke2 {46} Kh2 {45} 64. Qxf2+ {
17} Qg2 {11} 65. Qxg2+ {15} 1-0

[Event "Championnat de France Alpe d'Huez 2023 "]
[Site "ALPE D'HUEZ, France"]
[Date "2023.08.26"]
[Round "8.9"]
[White "MELIS, Achille"]
[Black "CIARLETTA, Ulysse"]
[Result "0-1"]
[ECO "B32"]
[WhiteElo "1935"]
[BlackElo "1937"]
[PlyCount "66"]
[EventDate "2023.08.??"]
[TimeControl "1/40+30:0"]

1. e4 {8} c5 {16} 2. Nf3 {15} Nc6 {8} 3. d4 {8} cxd4 {16} 4. Nxd4 {5} e5 {6} 5.
Nb5 {10} d6 {6} 6. N1c3 {11} a6 {6} 7. Na3 {6} Be6 {4} 8. Nd5 {458} Nf6 {232}
9. Nxf6+ {600} Qxf6 {33} 10. Nc4 {280} Qg6 {495} 11. f3 {463} Bxc4 {86} 12.
Bxc4 {35} Qxg2 {16} 13. Rf1 {110} Nd4 {856} 14. Rf2 {552} Qg1+ {269} 15. Bf1 {
238} Qg6 {142} 16. c3 {346} Nc6 {65} 17. Rg2 {129} Qe6 {194} 18. Be3 {64} Rd8 {
225} 19. Bb6 {127} Rd7 {565} 20. Rd2 {232} Be7 {85} 21. Qa4 {371} Bh4+ {208}
22. Kd1 {332} Bg5 {291} 23. Rd3 {260} d5 {406} 24. Kc2 {104} dxe4 {14} 25. Rxd7
{68} Qxd7 {7} 26. Rd1 {24} Nd4+ {17} 27. Rxd4 {60} exd4 {15} 28. Qa5 {139} d3+
{240} 29. Kd1 {11} e3 {58} 30. Qe5+ {208} Be7 {33} 31. Qb8+ {289} Bd8 {20} 32.
Bxd8 {94} e2+ {10} 33. Kd2 {37} exf1=N+ {16} 0-1

[Event "Championnat de France Alpe d'Huez 2023 "]
[Site "ALPE D'HUEZ, France"]
[Date "2023.08.26"]
[Round "8.10"]
[White "GUIEN, Philippe"]
[Black "PETIT, Eric-Thierry"]
[Result "1/2-1/2"]
[ECO "A44"]
[WhiteElo "1913"]
[BlackElo "1915"]
[PlyCount "35"]
[EventDate "2023.08.??"]
[TimeControl "1/40+30:0"]

1. d4 {2} c5 {11} 2. d5 {18} d6 {48} 3. e4 {28} e5 {40} 4. Nc3 {56} Nf6 {49} 5.
Nf3 {252} Be7 {48} 6. Be2 {35} O-O {12} 7. O-O {24} Ne8 {715} 8. Nd2 {387} g6 {
371} 9. Nc4 {171} f5 {376} 10. Bh6 {189} Rf7 {145} 11. exf5 {131} gxf5 {139}
12. Bh5 {267} Rf6 {43} 13. Bg5 {34} Rf8 {16} 14. Bh6 {4} Rf6 {10} 15. Bg5 {1292
} Rf8 {82} 16. Bh6 {925} Rf6 {45} 17. Qd2 {67} Rxh6 {2} 18. Qxh6 {7} 1/2-1/2

[Event "Championnat de France Alpe d'Huez 2023 "]
[Site "ALPE D'HUEZ, France"]
[Date "2023.08.26"]
[Round "8.11"]
[White "ACIKGOZ, Tuncay"]
[Black "LAMARQUE, Damien"]
[Result "0-1"]
[ECO "E08"]
[WhiteElo "1883"]
[BlackElo "1899"]
[PlyCount "64"]
[EventDate "2023.08.??"]
[TimeControl "1/40+30:0"]

1. d4 {2} Nf6 {4} 2. Nf3 {5} d5 {15} 3. c4 {7} e6 {8} 4. g3 {5} Bb4+ {5} 5. Bd2
{96} Be7 {5} 6. Bg2 {4} O-O {5} 7. O-O {2} c6 {4} 8. Qc2 {251} Nbd7 {316} 9.
Bf4 {80} Ne4 {80} 10. Nfd2 {35} Nxd2 {226} 11. Nxd2 {81} g5 {749} 12. Be3 {190}
f5 {0} 13. Nf3 {41} h6 {33} 14. cxd5 {138} exd5 {169} 15. Ne5 {7} Nxe5 {128}
16. dxe5 {58} Be6 {11} 17. Rfd1 {275} Qd7 {284} 18. a3 {827} c5 {222} 19. Rac1
{242} Rac8 {114} 20. f4 {129} d4 {140} 21. fxg5 {382} Qb5 {114} 22. Bf2 {2559}
Bxg5 {22} 23. Ra1 {172} Bb3 {40} 24. Qd3 {17} c4 {383} 25. Qxd4 {27} Bxd1 {12}
26. Bd5+ {130} Kg7 {177} 27. Rxd1 {7} Be7 {409} 28. Kf1 {441} Rfd8 {146} 29. a4
{139} Qxa4 {71} 30. e4 {33} fxe4 {15} 31. b4 {81} c3 {44} 32. Rc1 {35} Qe8 {24}
0-1

[Event "Championnat de France Alpe d'Huez 2023 "]
[Site "ALPE D'HUEZ, France"]
[Date "2023.08.26"]
[Round "8.12"]
[White "YASTREBOV, Andrey"]
[Black "BAUDON, Sebastien"]
[Result "0-1"]
[ECO "A10"]
[WhiteElo "1804"]
[BlackElo "1871"]
[PlyCount "62"]
[EventDate "2023.08.??"]
[TimeControl "1/40+30:0"]

1. Nf3 {6} f5 {77} 2. c4 {150} Nf6 {78} 3. b4 {265} a5 {390} 4. b5 {267} e6 {
248} 5. d4 {269} Bb4+ {244} 6. Bd2 {52} b6 {807} 7. Qb3 {447} Qe7 {172} 8. a3 {
21} Bxd2+ {104} 9. Nbxd2 {130} Bb7 {6} 10. g3 {26} d6 {283} 11. Bg2 {277} Nbd7
{15} 12. O-O {351} O-O-O {399} 13. Rac1 {269} Kb8 {48} 14. Qc2 {293} g6 {516}
15. a4 {111} e5 {180} 16. e3 {42} e4 {527} 17. Ne1 {215} h5 {245} 18. c5 {196}
dxc5 {64} 19. Nb3 {16} c4 {323} 20. Qxc4 {18} Nd5 {26} 21. Qe2 {922} N7f6 {117}
22. h4 {300} g5 {31} 23. hxg5 {94} Ng4 {22} 24. Bh3 {95} Qxg5 {74} 25. Ng2 {33}
h4 {108} 26. f4 {399} exf3 {99} 27. Rxf3 {38} Ndxe3 {326} 28. Rxe3 {51} Nxe3 {
382} 29. Qxe3 {29} Qxe3+ {79} 30. Nxe3 {27} hxg3 {17} 31. Bg2 {54} f4 {51} 0-1